 Dungeon Crawl Stone Soup version 0.30-a0-165-g1891117ce2 (webtiles) character file.

Game seed: 453641853238855923

564 qw the Chopper (level 7, 0/43 HPs)
             Began as a Gargoyle Fighter on Sept 28, 2022.
             Slain by Pikel
             ... wielding a +0 whip of electrocution
              (4 damage)
             ... on level 4 of the Dungeon.
             The game lasted 00:01:17 (2919 turns).

qw the Chopper (Gargoyle Fighter)                   Turns: 2919, Time: 00:01:17

Health: 0/43       AC: 18    Str: 22    XL:     7   Next: 32%
Magic:  7/7        EV:  6    Int:  8    God:
Gold:   172        SH:  4    Dex:  9    Spells: 6/6 levels left

rFire   . . .      SeeInvis .    Y - +3 broad axe (vorpal)
rCold   . . .      Faith    .    c - +0 buckler
rNeg    + . .      Spirit   .    g - +0 plate armour
rPois   inf        Reflect  .    (no helmet)
rElec   +          Harm     .    j - +0 cloak
rCorr   .          Rampage  .    (no gloves)
Will    .....                    (no boots)
Stlth   ..........               (no amulet)
HPRegen 0.14/turn                (no ring)
MPRegen 0.10/turn                (no ring)

@: no status effects
A: sickness immunity, AC +4, negative energy resistance 1, electricity
resistance, torment resistance 1, petrification resistance
a: no special abilities


You were on level 4 of the Dungeon.
You visited 1 branch of the dungeon, and saw 4 of its levels.

You collected 172 gold pieces.


Innate Abilities, Weirdness & Mutations

You are immune to sickness and miasma.
Your stone body is resilient. (AC +4)
You are immune to poison.
You resist negative energy. (rN+)
You are resistant to electric shocks. (rElec)
You are resistant to unholy torment.
You are immune to petrification.


   Skills:
 - Level 4.0 Fighting
 + Level 6.3 Axes
 - Level 4.6 Armour
 - Level 3.2 Shields


You had 6 spell levels left.
You didn't know any spells.
Your spell library was empty.

Inventory:

Hand Weapons
 k - a +0 whip
 Y - a +3 vorpal broad axe (weapon)
Armour
 c - a +0 buckler (worn)
 g - a +0 plate armour (worn)
 j - a +0 cloak (worn)
Scrolls
 a - a scroll of enchant weapon {unknown}
 b - 3 scrolls of identify
Potions
 d - a potion of might
 f - a potion of curing
 l - a potion of haste
 n - a potion of cancellation

Dungeon Overview and Level Annotations

Branches:
Dungeon (4/15)
 Temple: D:4-7

Altars:
Yredelemnul

Shops:
D:3 [

Annotations:
D:3 1 runed translucent door
D:4 Pikel


Message History

You hit Pikel.
Pikel is lightly wounded.
Pikel hits you with a +0 whip of electrocution.
You closely miss Pikel.
Pikel is lightly wounded.
Pikel hits you but does no damage.
Pikel hits you with a +0 whip of electrocution.
2911 ||| READING scroll of teleportation.
As you read the scroll of teleportation, it crumbles to dust.
You feel strangely unstable. Pikel hits you but does no damage.
You barely miss Pikel.
Pikel is lightly wounded.
Pikel says, "I touched Geryon's horn once."
Pikel hits you but does no damage.
You hit Pikel.
Pikel is moderately wounded.
Your surroundings seem slightly different.
You closely miss Pikel.
Pikel is moderately wounded.
Pikel hits you but does no damage. x2
You closely miss Pikel.
Pikel is moderately wounded.
Pikel hits you with a +0 whip of electrocution.
You closely miss Pikel.
Pikel is moderately wounded.
The lemure shouts!
You hear a shout!
Pikel hits you but does no damage.
You hit Pikel but do no damage.
Pikel is moderately wounded.
Pikel hits you with a +0 whip of electrocution.
The lemure hits you but does no damage.
A lemure comes into view.
Pikel hits you but does no damage.
You barely miss Pikel.
Pikel is moderately wounded.
You barely miss the lemure. You block the lemure's attack.
Pikel hits you with a +0 whip of electrocution.
You die...

#...........# #.#.#
#...#....)### #.#.#
#...###....####)#.###
#..........))........
#.####..##.#)...#+###
#.# #..##.#.#..)....
#.# #...#...#.......
#.############.......
###...@#.. # #(......
#....5K#.#.# #.......
#.....5#..)# #.###...
#......'.# ..# ###
#......#.# #......#.#
####...#.K #######5
.#


You could see Pikel and 2 lemures.

Vanquished Creatures
  Sigmund (D:2)
  Eustachio (D:4)
  Duvessa (D:4)
  A lemure (D:4)
  Dowan (D:4)
  An orc wizard (D:4)
  2 worms
  3 dart slugs
  3 orcs (D:4)
  5 bats
  4 endoplasms
  5 giant cockroaches
  12 goblins
  6 hobgoblins
  3 kobolds
  A quokka (D:2)
  5 ball pythons
  3 frilled lizards
  A jackal zombie (D:3)
  10 rats
69 creatures vanquished.

Notes
Turn   | Place    | Note
-------+----------+-------------------------------------------
     0 | D:1      | qw the Gargoyle Fighter began the quest for the Orb.
     0 | D:1      | Reached XP level 1. HP: 14/14 MP: 1/1
     0 | D:1      | 0 ||| qw: Version: 0.2-a-10-g37ed214
     0 | D:1      | 0 ||| qw: Game counter: 725
     0 | D:1      | 0 ||| qw: Always use a shield: true
     0 | D:1      | 0 ||| qw: God list: Okawaru
     0 | D:1      | 0 ||| qw: Allow faded altars: false
     0 | D:1      | 0 ||| qw: Do Orc after D:15 true
     0 | D:1      | 0 ||| qw: Do second Lair branch before Depths: true
     0 | D:1      | 0 ||| qw: Lair rune preference: random
     0 | D:1      | 0 ||| qw: Plans: Normal, Zot:1-4, God:TSO, Crypt, Tomb,
                  | Pan, Slime:5, Hells, Abyss, Orb
     0 | D:1      | 0 ||| PLANNING D:1-11
    31 | D:1      | Reached skill level 2 in Axes
    54 | D:1      | Reached XP level 2. HP: 19/19 MP: 2/2
   311 | D:1      | 311 ||| Stepping ~*~*~tactically~*~*~ (stealth).
   436 | D:1      | Reached skill level 3 in Axes
   532 | D:1      | Reached XP level 3. HP: 21/23 MP: 3/3
   621 | D:1      | 621 ||| DROPPING +0 club.
  1115 | D:1      | 1115 ||| UPGRADING to +0 plate armour.
  1125 | D:1      | 1125 ||| DROPPING +0 scale mail.
  1126 | D:1      | 1126 ||| DROPPING ring of magical power.
  1127 | D:1      | 1127 ||| READING scroll labelled MOEPSI JAEHAPS.
  1128 | D:1      | 1128 ||| READING scroll labelled ZITHE IKHAL.
  1129 | D:1      | 1129 ||| READING scroll labelled ZIRABB VOQISE.
  1130 | D:1      | 1130 ||| DRINKING 2 inky potions.
  1131 | D:1      | 1131 ||| DRINKING 2 murky black potions.
  1132 | D:1      | 1132 ||| DRINKING 2 fizzy coppery potions.
  1133 | D:1      | 1133 ||| DROPPING potion of flight.
  1208 | D:2      | Found a basalt altar of Yredelemnul.
  1215 | D:2      | Noticed Sigmund
  1216 | D:2      | 1216 ||| FLEEEEING.
  1217 | D:2      | 1217 ||| FLEEEEING.
  1218 | D:2      | 1218 ||| FLEEEEING.
  1219 | D:2      | 1219 ||| FLEEEEING.
  1220 | D:2      | 1220 ||| FLEEEEING.
  1223 | D:2      | 1223 ||| STAIRDANCE
  1336 | D:2      | 1336 ||| Stepping ~*~*~tactically~*~*~ (hiding).
  1346 | D:2      | Killed Sigmund
  1347 | D:2      | Reached skill level 5 in Axes
  1347 | D:2      | Reached XP level 4. HP: 28/28 MP: 4/4
  1347 | D:2      | Reached XP level 5. HP: 32/32 MP: 5/5
  1693 | D:2      | Found a faded altar of an unknown god.
  1696 | D:2      | 1696 ||| Stepping ~*~*~tactically~*~*~ (stealth).
  1701 | D:2      | 1701 ||| Stepping ~*~*~tactically~*~*~ (hiding).
  1761 | D:2      | 1761 ||| Stepping ~*~*~tactically~*~*~ (stealth).
  1905 | D:2      | 1905 ||| READING scroll labelled PUYDIEFUEN.
  1905 | D:2      | Identified a scroll of acquirement
  1905 | D:2      | 1905 ||| ACQUIRING +3 vorpal broad axe
  1905 | D:2      | Acquired a +3 vorpal broad axe
  1907 | D:2      | 1907 ||| SWAPPING to +3 vorpal broad axe.
  1908 | D:2      | 1908 ||| DROPPING +0 war axe.
  1909 | D:2      | 1909 ||| READING 2 scrolls labelled VEGOACHIRU.
  1910 | D:2      | 1910 ||| READING scroll labelled TEOFEI HEUR.
  1911 | D:2      | 1911 ||| READING scroll labelled QALUNIN QUFYHY.
  1912 | D:2      | 1912 ||| READING scroll labelled NAEROPUESU.
  1952 | D:3      | Reached XP level 6. HP: 33/38 MP: 6/6
  2183 | D:3      | Found Ziofe's Antique Armour Boutique.
  2263 | D:3      | 2263 ||| SHOPLISTING glowing chain mail (180 gold, have
                  | 153).
  2263 | D:3      | 2263 ||| SHOPLISTING pair of embroidered boots (180 gold,
                  | have 153).
  2516 | D:3      | Noticed a human
  2517 | D:3      | Found a runed translucent door.
  2528 | D:3      | Found a basalt altar of Yredelemnul.
  2548 | D:3      | 2548 ||| UPGRADING to +0 cloak.
  2553 | D:3      | 2553 ||| READING scroll labelled YTIAN VYUR.
  2554 | D:3      | 2554 ||| READING scroll labelled QEAGOO XOMMOT.
  2555 | D:3      | 2555 ||| READING scroll labelled RASAUD LIYFA.
  2558 | D:3      | 2558 ||| READING 4 scrolls of identify.
  2558 | D:3      | 2558 ||| IDENTIFYING metallic ruby potion
  2559 | D:3      | 2559 ||| READING 3 scrolls of identify.
  2559 | D:3      | 2559 ||| IDENTIFYING bubbling blue potion
  2560 | D:3      | 2560 ||| DROPPING potion of magic.
  2659 | D:4      | Noticed Eustachio
  2670 | D:4      | Killed Eustachio
  2671 | D:4      | Reached skill level 6 in Axes
  2809 | D:4      | 2809 ||| Stepping ~*~*~tactically~*~*~ (hiding).
  2814 | D:4      | 2814 ||| DRINKING potion of curing.
  2814 | D:4      | 2814 ||| (to cure confusion)
  2815 | D:4      | Noticed Duvessa
  2817 | D:4      | 2817 ||| Stepping ~*~*~tactically~*~*~ (hiding).
  2820 | D:4      | Noticed Dowan
  2825 | D:4      | Killed Duvessa
  2826 | D:4      | Reached XP level 7. HP: 40/43 MP: 7/7
  2834 | D:4      | Killed Dowan
  2895 | D:4      | Noticed Pikel
  2896 | D:4      | 2896 ||| Stepping ~*~*~tactically~*~*~ (stealth).
  2910 | D:4      | HP: 7/43 [Pikel/+0 whip of electrocution (4)]
  2911 | D:4      | 2911 ||| READING scroll of teleportation.
  2916 | D:4      | HP: 4/43 [Pikel/+0 whip of electrocution (4)]
  2919 | D:4      | Slain by Pikel

Levels and vault maps discovered:
D:1:      onia_arrival_handbag, layout_basic, minmay_misc_feat_secret_circle
D:2:      layout_rooms, basic_altar, hellmonk_ecumenical_altar_zigzags,
          grunt_decor_arrowhead, uniq_sigmund
D:3:      layout_basic, dk_yredelemnul_ordeal, serial_shops, shop
D:4:      layout_basic, mainiacjoe_overflow_concentric_impassable,
          mainiacjoe_overflow_brackets, uniq_duvessa, uniq_pikel, uniq_eustachio

Skill      XL: |  1  2  3  4  5  6 |
---------------+-------------------+-----
Axes           | 2 3 5 6 |  6.3
Fighting       | 4 |  4.0
Armour         | 4 |  4.6
Shields        | |  3.2

Action                   |  1- 3 |  4- 6 |  7- 9 || total
-------------------------+-------+-------+-------++-------
Melee: War axe           |    72 |    44 |       ||   116
       Broad axe         |       |    60 |    26 ||    86
  Use: Scroll            |     3 |    10 |     1 ||    14
       Potion            |     3 |     1 |       ||     4
Armor: Scale mail        |    25 |       |       ||    25
       Plate armour      |    10 |    42 |    23 ||    75
Dodge: Dodged            |    27 |    33 |     2 ||    62
Block: Buckler           |    13 |    18 |     2 ||    33

Table legend:
 A = Non-vault XP
 B = Vault XP
 C = Vault XP percentage of total XP
 D = Non-vault monster count
 E = Vault monster count
 F = Vault count percentage of total count
                 A         B        C        D         E       F
            +---------+---------+-------+---------+---------+-------
      Total |     147 |     660 |  81.8 |      59 |       9 |  13.2
            +---------+---------+-------+---------+---------+-------
        D:1 |      40 |       4 |   9.1 |      21 |       4 |  16.0
        D:2 |      32 |     239 |  88.2 |      16 |       1 |   5.9
        D:3 |      27 |       1 |   3.6 |      16 |       1 |   5.9
        D:4 |      48 |     416 |  89.7 |       6 |       3 |  33.3
            +---------+---------+-------+---------+---------+-------
